 Dungeon Crawl Stone Soup version 0.28.0-53-g5a82cb258f (webtiles) character file.

Game seed: 4930871538626077229

39 Plasmagod the Skirmisher (level 3, -5/40 HPs)
             Began as an Ogre Fighter on July 21, 2022.
             Was a Follower of Fedhas.
             Slain by Sigmund
             ... wielding a +0 scythe
              (8 damage)
             ... on level 2 of the Dungeon.
             The game lasted 00:01:36 (1186 turns).

Plasmagod the Skirmisher (Ogre Fighter)             Turns: 1186, Time: 00:01:37

Health: -5/40      AC:  3    Str: 20    XL:     3   Next: 45%
Magic:  3/3        EV:  9    Int:  9    God:    Fedhas [*.....]
Gold:   26         SH:  7    Dex: 10    Spells: 2/2 levels left

rFire   . . .      SeeInvis .   a - +0 war axe
rCold   . . .      Faith    .   c - +0 kite shield
rNeg    . . .      Spirit   .   b - +0 robe
rPois   .          Reflect  .   (helmet restricted)
rElec   .          Harm     .   (no cloak)
rCorr   .          Rampage  .   (gloves unavailable)
Will    .....                   (boots unavailable)
Stlth   +.........              (no amulet)
HPRegen 0.13/turn               (no ring)
MPRegen 0.08/turn               (no ring)

@: no status effects
A: large, unfitting armour, tough skin 1
a: Renounce Religion


You were on level 2 of the Dungeon.
You worshipped Fedhas.
Fedhas was aware of your devotion.
You visited 1 branch of the dungeon, and saw 2 of its levels.

You collected 26 gold pieces.

Inventory:

Hand Weapons
 a - a +0 war axe (weapon)
Armour
 b - a +0 robe (worn)
 c - a +0 kite shield (worn)
Scrolls
 f - a scroll of identify {unknown}
 i - a scroll of blinking {unknown}
 k - a scroll of fear {unknown}
 l - a scroll of enchant weapon {unknown}
Potions
 d - a potion of might
 e - 3 potions of curing {unknown}
 g - a potion of ambrosia {unknown}
 h - a potion of flight {unknown}
 j - a potion of invisibility {unknown}


   Skills:
 + Level 4.3 Fighting
 + Level 2.8 Axes
 + Level 3.0 Dodging
 + Level 3.0 Shields


You had 2 spell levels left.
You didn't know any spells.
Your spell library contained the following spells:

 Spells                   Type           Power      Damage    Failure   Level
 Ensorcelled Hibernation  Hex/Ice        0%         N/A       82%         2
 Passwall                 Tmut/Erth      0%         N/A       82%         2
 Swiftness                Air            0%         N/A       96%         3


Dungeon Overview and Level Annotations

Branches:
Dungeon (2/15)

Altars:
Fedhas

Annotations:
D:2 Sigmund


Innate Abilities, Weirdness & Mutations

You are too large for most types of armour.
You have tough skin. (AC +1)


Message History

You hit Sigmund.
Sigmund is lightly wounded.
Sigmund closely misses you. Sigmund hits you with a +0 scythe!
Sigmund hits you with a +0 scythe.
You feel less confused. Sigmund casts a spell at you.
You resist with some effort.
You are too injured to fight recklessly!
You barely miss Sigmund.
Sigmund is lightly wounded.
Sigmund casts a spell at you.
You are confused.
Sigmund closely misses you.
You barely miss Sigmund.
Sigmund is lightly wounded.
Sigmund barely misses you. Sigmund closely misses you.
You bump into the rock wall.
Sigmund hits you with a +0 scythe!
* * * LOW HITPOINT WARNING * * *
You're too confused to move!
Sigmund hits you with a +0 scythe.
* * * LOW HITPOINT WARNING * * *
You barely miss Sigmund.
Sigmund is lightly wounded.
You feel less confused. Sigmund closely misses you.
You slash Sigmund!
Sigmund is moderately wounded.
You block Sigmund's attack.
You closely miss Sigmund.
Sigmund is moderately wounded.
Sigmund misses you.
You hit Sigmund.
Sigmund is heavily wounded.
Sigmund barely misses you.
You slash Sigmund!
Sigmund is almost dead.
Sigmund hits you with a +0 scythe!
You die...
Fedhas appreciates your contribution to the ecosystem.

............###.#
.....##)....###+###
.....##.....##....#
.....##......+....#
♣....##.....##....#
♣#######....!.....#
#..........#
#.......@<.#
#........@.#
#......##+##
#....... #......##
#####!## #. #.


You could see Sigmund.

Vanquished Creatures
  A dart slug (D:1)
  3 ball pythons (D:1)
  3 bats
  An endoplasm (D:2)
  A giant cockroach (D:1)
  6 goblins
  2 hobgoblins (D:1)
  6 jackals (D:1)
  2 kobolds (D:1)
  2 quokkas (D:1)
  2 frilled lizards (D:1)
  2 rats (D:1)
31 creatures vanquished.

Vanquished Creatures (others)
  5 plants (D:2)
5 creatures vanquished.

Grand Total: 36 creatures vanquished

Notes
Turn   | Place    | Note
-------+----------+-------------------------------------------
     0 | D:1      | Plasmagod the Ogre Fighter began the quest for the Orb.
     0 | D:1      | Reached XP level 1. HP: 24/24 MP: 1/1
   136 | D:1      | Reached XP level 2. HP: 28/32 MP: 2/2
   605 | D:1      | Reached XP level 3. HP: 36/39 MP: 3/3
   938 | D:1      | Found a faded altar of an unknown god.
   946 | D:1      | Prayed at the altar of an unknown god.
   946 | D:1      | Became a worshipper of Fedhas Madash
   946 | D:1      | Reached * piety under Fedhas
  1164 | D:2      | Noticed Sigmund
  1181 | D:2      | HP: 2/40 [Sigmund/+0 scythe (6)]
  1186 | D:2      | Slain by Sigmund

Illustrated notes

Levels and vault maps discovered:
D:1:      dpeg_arrival_stonehenge_8_columns, layout_basic, serial_glass,
          glass_columns_c, glass_columns_a, basic_ecumenical_altar,
          minmay_box_of_dots
D:2:      layout_basic, serial_bayou_crossing, uniq_sigmund

Skill      XL: |  1  2  3 |
---------------+----------+-----
Dodging        | 3 |  3.0
Shields        | 3 |  3.0
Fighting       | |  4.3
Axes           | |  2.8

Action                   || total
-------------------------++-------
Melee: War axe           ||    96
 Stab: Sleeping          ||     1
Armor: Robe              ||    47
Dodge: Dodged            ||    52
Block: Kite shield       ||    41
